 Dungeon Crawl Stone Soup version 0.29.1-1-gd02db6906a (webtiles) character file.

Game seed: 4324343034413491215

49 masschaos23 the Trooper (level 3, -8/33 HPs)
             Began as a Hill Orc Fighter on Sept 18, 2022.
             Killed by nerve-wracking pain
             ... invoked by Jessica
              (13 damage)
             ... on level 2 of the Dungeon.
             The game lasted 00:01:32 (1683 turns).

masschaos23 the Trooper (Hill Orc Fighter)          Turns: 1683, Time: 00:01:33

Health: -8/33      AC:  7    Str: 20    XL:     3   Next: 75%
Magic:  3/3        EV:  9    Int:  8    God:
Gold:   81         SH:  4    Dex: 10    Spells: 2/2 levels left

rFire   . . .      SeeInvis .   a - +0 war axe
rCold   . . .      Faith    .   c - +0 buckler
rNeg    . . .      Spirit   .   b - +0 scale mail
rPois   .          Reflect  .   (no helmet)
rElec   .          Harm     .   (no cloak)
rCorr   .          Rampage  .   (no gloves)
Will    .....                   (no boots)
Stlth   ..........              (no amulet)
HPRegen 0.11/turn               (no ring)
MPRegen 0.08/turn               (no ring)

@: no status effects
A: no striking features
a: no special abilities


You were on level 2 of the Dungeon.
You visited 1 branch of the dungeon, and saw 2 of its levels.

You collected 81 gold pieces.

Inventory:

Hand Weapons
 a - a +0 war axe (weapon)
 r - the +1 halberd of the Brewing Gnat {freeze, Int+5 Dex-5}
   (You found it on level 2 of the Dungeon)

   It freezes those it strikes, dealing additional cold damage.
   It can also slow down cold-blooded creatures.
   Int:       It affects your intelligence (+5).
   Dex:       It affects your dexterity (-5).
Missiles
 k - 2 poisoned darts (quivered)
Armour
 b - a +0 scale mail (worn)
 c - a +0 buckler (worn)
Scrolls
 g - a scroll of noise {unknown}
 h - a scroll of identify {unknown}
 j - a scroll of poison {unknown}
 l - 4 scrolls of teleportation {unknown}
 m - a scroll of enchant armour {unknown}
 n - a scroll of enchant weapon {unknown}
 p - a scroll of amnesia {unknown}
 q - 2 scrolls of brand weapon {unknown}
Potions
 d - a potion of might
 e - a potion of resistance {unknown}
 f - 2 potions of mutation {unknown}
 i - a potion of ambrosia {unknown}
 o - a potion of invisibility {unknown}


   Skills:
 + Level 4.2 Fighting
 + Level 3.5 Axes
 + Level 3.8 Armour
 + Level 3.7 Shields


You had 2 spell levels left.
You didn't know any spells.
Your spell library was empty.

Dungeon Overview and Level Annotations

Branches:
Dungeon (2/15)

Altars:

Annotations:
D:2 Jessica


Message History

Jessica barely misses you.
Jessica is nearby!
You barely miss Jessica. Jessica hits you with a +0 club.
Jessica is nearby!
You closely miss Jessica. Jessica hits you with a +0 club.
Jessica barely misses you.
Jessica is nearby!
Jessica is nearby!
You barely miss Jessica.
Jessica mumbles some strange words.
Jessica blinks!
Jessica is nearby!
Jessica mumbles something strange.
Jessica is nearby!
Jessica casts a spell.
Jessica seems to speed up.
You see here 5 gold pieces.
Jessica is nearby!
Jessica gestures at you while chanting. Pain shoots through your body!
Jessica is nearby!
Jessica is nearby!
Jessica hits you with a +0 club.
Jessica is nearby!
You slash Jessica!
Jessica is almost dead.
Jessica looks very angry.
Jessica gestures wildly while chanting.
Jessica blinks!
Jessica points at you and mumbles some strange words.
Pain shoots through your body! Jessica gestures at you while chanting.
Pain shoots through your body!
* * * LOW HITPOINT WARNING * * *
You see here 5 gold pieces.
You barely miss Jessica.
Jessica is almost dead.
Jessica casts a spell at you. Pain shoots through your body!
You die...

#.#############
#.............#
#############.#
#.. #.# #.# #.#
#.# #.# #.# #.#
#.# #.# #@# #.#
#@# #.#
#.##########.#
#............#
############.#
###


You could see Jessica (fast).

Vanquished Creatures
  An adder (D:2)
  2 worms (D:2)
  2 dart slugs
  5 ball pythons (D:1)
  3 bats (D:1)
  4 endoplasms
  A giant cockroach (D:1)
  2 goblins (D:1)
  3 hobgoblins (D:1)
  A quokka (D:1)
  2 frilled lizards (D:1)
  2 rats (D:1)
28 creatures vanquished.

Notes
Turn   | Place    | Note
-------+----------+-------------------------------------------
     0 | D:1      | masschaos23 the Hill Orc Fighter began the quest for the
                  | Orb.
     0 | D:1      | Reached XP level 1. HP: 19/19 MP: 1/1
   104 | D:1      | Reached XP level 2. HP: 27/27 MP: 2/2
   718 | D:1      | Reached skill level 4 in Fighting
   732 | D:1      | Reached XP level 3. HP: 33/33 MP: 3/3
   999 | D:1      | Found a faded altar of an unknown god.
  1536 | D:2      | Identified the +1 halberd of the Brewing Gnat {freeze,
                  | Int+5 Dex-5}
  1671 | D:2      | Noticed Jessica
  1683 | D:2      | Killed from afar by Jessica

Illustrated notes

Levels and vault maps discovered:
D:1:      erik_arrival_cave_to_civilisation [erik_arrival_cave_to_hall],
          layout_loops_corners, ebering_ecumenical_altar_mist, minmay_tripent
D:2:      layout_basic, uniq_jessica

Skill      XL: |  1  2 |
---------------+-------+-----
Axes           | 3 |  3.5
Fighting       | 4 |  4.2
Armour         | |  3.8
Shields        | |  3.7

Action                   || total
-------------------------++-------
Melee: War axe           ||   102
Armor: Scale mail        ||    42
Dodge: Dodged            ||    52
Block: Buckler           ||    27
